 Dungeon Crawl Stone Soup version 0.24-a0-644-g049a785 (webtiles) character file.

Game seed: 10565824554597553718, levelgen mode: deterministic

373 Charmandara the Ducker (level 6, -6/51 HPs)
             Began as a Gnoll Gladiator on Sept 26, 2019.
             Was an Initiate of Makhleb.
             Killed themself with a badly aimed iceblast (15 damage)
             ... on level 5 of the Dungeon.
             The game lasted 00:09:01 (1730 turns).

Charmandara the Ducker (Gnoll Gladiator)            Turns: 1730, Time: 00:09:02

Health: -6/51      AC:  7    Str: 18    XL:     6   Next: 72%
Magic:  9/9        EV: 15    Int: 11    God:    Makhleb [......]
Gold:   204        SH:  0    Dex: 16    Spells: 5/9 levels left

rFire    . . .     SeeInvis .   a - +0 war axe
rCold    . . .     Gourm    .   (no shield)
rNeg     . . .     Faith    +   s - +0 ring mail (curse)
rPois    .         Spirit   .   c - +1 helmet
rElec    .         Reflect  .   (no cloak)
rCorr    .         Harm     .   (no gloves)
MR       +....                  (no boots)
Stlth    +.........             e - amulet of faith {Faith, !P}
HPRegen  0.17/turn              k - ring of protection from magic {MR+, !d}
MPRegen  0.11/turn              (no ring)

@: no status effects
A: distributed training, fangs 1, strong nose
a: Renounce Religion


You were on level 5 of the Dungeon.
You worshipped Makhleb.
Makhleb was noncommittal.
You were very hungry.

You visited 2 branches of the dungeon, and saw 6 of its levels.

You collected 204 gold pieces.

Inventory:

Hand Weapons
 a - a +0 war axe (weapon)
 w - a +0 morningstar
   (You found it on level 3 of the Dungeon)
Missiles
 d - 3 throwing nets {=f, !d}
 g - 5 javelins (quivered)
 x - 3 poisoned darts
Armour
 b - a +0 leather armour
 c - a +1 helmet (worn)
 s - a cursed +0 ring mail (worn)
   (You found it on level 2 of the Dungeon)
Jewellery
 e - an amulet of faith (around neck) {Faith, !P}
   (You found it on level 4 of the Dungeon)
 k - a ring of protection from magic (left hand) {MR+, !d}
   (You found it on level 2 of the Dungeon)
Wands
 v - a wand of random effects (23)
   (You found it on level 3 of the Dungeon)
Scrolls
 i - a scroll of fog {unknown}
 j - 2 scrolls of remove curse
 l - a scroll of amnesia
 n - a scroll of enchant armour
 o - a scroll of blinking {!r}
Potions
 h - 2 potions of heal wounds
 m - a potion of agility
 p - a potion of lignification {unknown}
 q - 3 potions of magic
 r - a potion of might {unknown}
 t - 3 potions of curing
 u - a potion of mutation {unknown}
 z - a potion of resistance
Comestibles
 f - 9 rations
 A - a chunk of flesh {@w0}


   Skills:
 + Level 5.0 Fighting
 + Level 2.0 Short Blades
 + Level 2.0 Long Blades
 + Level 6.8 Axes
 + Level 2.0 Maces & Flails
 + Level 2.0 Polearms
 + Level 2.0 Staves
 + Level 2.0 Slings
 + Level 2.0 Bows
 + Level 2.0 Crossbows
 + Level 5.0 Throwing
 + Level 2.0 Armour
 + Level 6.8 Dodging
 + Level 2.0 Stealth
 + Level 2.0 Shields
 + Level 2.0 Unarmed Combat
 + Level 2.0 Spellcasting
 + Level 1.6 Conjurations
 + Level 1.6 Hexes
 + Level 1.6 Charms
 + Level 1.6 Summonings
 + Level 1.6 Necromancy
 + Level 1.6 Translocations
 + Level 1.6 Transmutations
 + Level 1.6 Fire Magic
 + Level 1.6 Ice Magic
 + Level 1.6 Air Magic
 + Level 1.6 Earth Magic
 + Level 1.6 Poison Magic
 + Level 2.2 Invocations
 + Level 2.0 Evocations


You had 5 spell levels left.
You knew the following spells:

 Your Spells              Type           Power        Failure   Level  Hunger
a - Confusing Touch       Hex            #.....       26%         1    ##.....
c - Confuse               Hex            #.......     61%         3    ####...

Your spell library contained the following spells:

 Spells                   Type           Power        Failure   Level  Hunger
 Gell's Gravitas          Tloc           #.........   61%         3    ####...
 Petrify                  Tmut/Erth      #.......     95%         4    #####..
 Metabolic Englaciation   Hex/Ice        #.........   100%        5    ######.
 Yara's Violent Unravell  Hex/Tmut       #.........   100%        5    ######.


Dungeon Overview and Level Annotations

Branches:
Dungeon (5/15)             Temple (1/1) D:4

Altars:
Dithmenos
Fedhas
Makhleb
Sif Muna
Trog
Uskayaw
Zin
The Shining One


Innate Abilities, Weirdness & Mutations

Your experience applies equally to all skills.
You have very sharp teeth.
Your uncanny sense of smell can sniff out nearby items.


Message History

There is a stone staircase leading up here.
There is a stone staircase leading up here.
You climb upwards.
There is a stone staircase leading down here.
Unknown command.
You open the door.
There is an open door here.
z - a potion of resistance
There is an open door here.
There is a stone staircase leading down here.
You climb downwards.
The phantom hits you but does no damage. x2
There is a stone staircase leading up here.
Unknown command.
You slash the phantom! Your bite misses the phantom.
The phantom closely misses you.
You hit the phantom but do no damage. You bite the phantom, but do no damage.
The phantom blinks!
The phantom hits you but does no damage.
You barely miss the phantom. The phantom misses you.
You miss the phantom. The phantom misses you.
You hit the phantom. You bite the phantom, but do no damage.
The phantom barely misses you. The phantom closely misses you.
You slash the phantom! The phantom hits you!
You take 8 damage, and have 36/50 hp.
You slash the phantom! The phantom closely misses you.
You closely miss the phantom.
The phantom blinks!
The phantom hits you.
The phantom blinks!
You take 3 damage, and have 34/50 hp.
The phantom hits you but does no damage.
You closely miss the phantom.
The phantom hits you but does no damage.
You closely miss the phantom. The phantom hits you.
You take 3 damage, and have 31/50 hp.
You hit the phantom. The phantom hits you.
The phantom blinks!
You take 3 damage, and have 28/50 hp.
The phantom hits you but does no damage.
You hit the phantom.
You destroy the phantom!
Makhleb accepts your kill.
Your Fighting skill increases to level 5!
Your Short Blades skill increases to level 2!
Your Long Blades skill increases to level 2!
Your Maces & Flails skill increases to level 2!
Your Polearms skill increases to level 2!
Your Staves skill increases to level 2!
Your Slings skill increases to level 2!
Your Bows skill increases to level 2!
Your Crossbows skill increases to level 2!
Your Throwing skill increases to level 5!
Your Armour skill increases to level 2!
Your Stealth skill increases to level 2!
Your Shields skill increases to level 2!
Your Unarmed Combat skill increases to level 2!
Your Spellcasting skill increases to level 2!
Your Evocations skill increases to level 2!
You now have 192 gold pieces (gained 3).
MP restored: 9
Found a stone staircase leading down.
You now have 204 gold pieces (gained 12).
An iguana comes into view.
The iguana hisses angrily.
There is a stone staircase leading down here.
A quokka comes into view.
The iguana bites you.
You take 1 damage, and have 33/51 hp.
The iguana bites you.
You take 5 damage, and have 28/51 hp.
You slash the iguana! The iguana bites you!
You take 8 damage, and have 20/51 hp.
You hit the iguana. The iguana bites you!
* * * LOW HITPOINT WARNING * * *
You take 8 damage, and have 12/51 hp.
You barely miss the iguana. The iguana closely misses you.
You slash the iguana!
You kill the iguana!
Makhleb accepts your kill.
You see here an iguana corpse.
You butcher the iguana corpse.
A - a chunk of flesh {@w0} You see here an iguana skeleton.
An adder comes into view.
The adder hisses angrily.
The adder misses you. The adder closely misses you.
You are feeling very hungry.
You closely miss the adder. The adder misses you.
You miss the adder. The adder barely misses you. The adder closely misses you.
You closely miss the adder. The adder barely misses you.
You barely miss the adder. The adder bites you but does no damage.
The adder bites you.
* * * LOW HITPOINT WARNING * * *
You take 3 damage, and have 13/51 hp.
You closely miss the adder. You bite the adder. The adder bites you.
* * * LOW HITPOINT WARNING * * *
You take 4 damage, and have 9/51 hp.
Aim: an adder (lightly wounded)
The mass of ice explodes!
The iceblast engulfs the adder!
You kill the adder!
Makhleb accepts your kill. The iceblast engulfs you!
You die...

###.###.........#
....###........##
........#.....##
.######.##...##
#.###### #..# #.# #..#
######.#
##..###.#......###
.........@......##
#..##########....######
#..#
#....<.........####
#..#
#.####....####.....
#..# #.# #.#.## ######
#..#####.####.#.###
#.............#...# #
#......<.########.# #
##.####### #.# #


There were no monsters in sight!

Vanquished Creatures
  A phantom (D:5)
  3 orc wizards (D:4)
  2 iguanas
  2 worker ants
  A gnoll (D:1)
  4 adders
  2 worms
  2 dart slugs
  A leopard gecko (D:3)
  4 orcs
  4 giant cockroaches
  5 goblins
  7 hobgoblins
  3 jackals (D:3)
  4 quokkas (D:3)
  A ball python (D:2)
  6 bats
  2 frilled lizards
  A jackal skeleton (D:4)
  10 kobolds
  A quokka skeleton (D:5)
  2 rats
68 creatures vanquished.

Notes
Turn   | Place    | Note
-------+----------+-------------------------------------------
     0 | D:1      | Charmandara the Gnoll Gladiator began the quest for the
                  | Orb.
     0 | D:1      | Reached XP level 1. HP: 20/20 MP: 1/1
   172 | D:2      | Reached XP level 2. HP: 26/26 MP: 2/2
   250 | D:2      | Found a blossoming altar of Fedhas.
   366 | D:1      | Reached XP level 3. HP: 31/31 MP: 3/3
   482 | D:1      | Reached skill level 1 in Invocations
   660 | D:2      | Reached skill level 1 in Short Blades
   660 | D:2      | Reached skill level 1 in Long Blades
   660 | D:2      | Reached skill level 1 in Maces & Flails
   660 | D:2      | Reached skill level 1 in Polearms
   660 | D:2      | Reached skill level 1 in Staves
   660 | D:2      | Reached skill level 1 in Slings
   660 | D:2      | Reached skill level 1 in Bows
   660 | D:2      | Reached skill level 1 in Crossbows
   660 | D:2      | Reached skill level 1 in Armour
   660 | D:2      | Reached skill level 1 in Stealth
   660 | D:2      | Reached skill level 1 in Shields
   660 | D:2      | Reached skill level 1 in Unarmed Combat
   660 | D:2      | Reached skill level 1 in Spellcasting
   660 | D:2      | Reached skill level 1 in Evocations
   660 | D:2      | Reached XP level 4. HP: 32/38 MP: 5/5
   792 | D:3      | Found a hide-covered altar of Uskayaw.
   831 | D:3      | Reached skill level 1 in Conjurations
   831 | D:3      | Reached skill level 1 in Hexes
   831 | D:3      | Reached skill level 1 in Charms
   831 | D:3      | Reached skill level 1 in Summonings
   831 | D:3      | Reached skill level 1 in Necromancy
   831 | D:3      | Reached skill level 1 in Translocations
   831 | D:3      | Reached skill level 1 in Transmutations
   831 | D:3      | Reached skill level 1 in Fire Magic
   831 | D:3      | Reached skill level 1 in Ice Magic
   831 | D:3      | Reached skill level 1 in Air Magic
   831 | D:3      | Reached skill level 1 in Earth Magic
   831 | D:3      | Reached skill level 1 in Poison Magic
   842 | D:3      | Learned a level 1 spell: Confusing Touch
   846 | D:3      | Learned a level 3 spell: Confuse
  1003 | D:3      | Reached XP level 5. HP: 33/43 MP: 6/6
  1165 | D:4      | Found a shimmering blue altar of Sif Muna.
  1227 | D:4      | Reached skill level 2 in Invocations
  1227 | D:4      | Reached XP level 6. HP: 35/50 MP: 8/8
  1291 | D:4      | Found a staircase to the Ecumenical Temple.
  1318 | Temple   | Entered the Ecumenical Temple
  1341 | Temple   | Became a worshipper of Makhleb the Destroyer
  1498 | D:5      | Entered Level 5 of the Dungeon
  1608 | D:5      | Noticed a phantom
  1667 | D:5      | Killed a phantom
  1667 | D:5      | Reached skill level 5 in Fighting
  1667 | D:5      | Reached skill level 2 in Short Blades
  1667 | D:5      | Reached skill level 2 in Long Blades
  1667 | D:5      | Reached skill level 2 in Maces & Flails
  1667 | D:5      | Reached skill level 2 in Polearms
  1667 | D:5      | Reached skill level 2 in Staves
  1667 | D:5      | Reached skill level 2 in Slings
  1667 | D:5      | Reached skill level 2 in Bows
  1667 | D:5      | Reached skill level 2 in Crossbows
  1667 | D:5      | Reached skill level 5 in Throwing
  1667 | D:5      | Reached skill level 2 in Armour
  1667 | D:5      | Reached skill level 2 in Stealth
  1667 | D:5      | Reached skill level 2 in Shields
  1667 | D:5      | Reached skill level 2 in Unarmed Combat
  1667 | D:5      | Reached skill level 2 in Spellcasting
  1667 | D:5      | Reached skill level 2 in Evocations
  1704 | D:5      | HP: 12/51 [iguana (8)]
  1729 | D:5      | HP: 9/51 [adder (4)]
  1730 | D:5      | Killed themself with a badly aimed iceblast

Levels and vault maps discovered:
D:1:      onia_arrival_mini_maze, layout_basic, minmay_misc_feat_columns
D:2:      layout_rooms, fedhas_altar_2
D:3:      layout_rooms, eat_drink_and_be_merry_uskayaw,
          kennysheep_generic_room_15
D:4:      layout_gridville, lemuel_doored_altar, minmay_temple_entry_wispy,
          first_ration, grunt_qazlal_clouds
D:5:      layout_loops_ring
Temple:   regret_index_temple_waves

Skill      XL: |  1  2  3  4  5  6 |
---------------+-------------------+-----
Invocations    | 1 2 |  2.2
Short Blades   | 1 2 |  2.0
Long Blades    | 1 2 |  2.0
Maces & Flails | 1 2 |  2.0
Polearms       | 1 2 |  2.0
Staves         | 1 2 |  2.0
Slings         | 1 2 |  2.0
Bows           | 1 2 |  2.0
Crossbows      | 1 2 |  2.0
Armour         | 1 2 |  2.0
Stealth        | 1 2 |  2.0
Shields        | 1 2 |  2.0
Unarmed Combat | 1 2 |  2.0
Spellcasting   | 1 2 |  2.0
Evocations     | 1 2 |  2.0
Conjurations   | 1 |  1.6
Hexes          | 1 |  1.6
Charms         | 1 |  1.6
Summonings     | 1 |  1.6
Necromancy     | 1 |  1.6
Translocations | 1 |  1.6
Transmutations | 1 |  1.6
Fire Magic     | 1 |  1.6
Ice Magic      | 1 |  1.6
Air Magic      | 1 |  1.6
Earth Magic    | 1 |  1.6
Poison Magic   | 1 |  1.6
Fighting       | 5 |  5.0
Throwing       | 5 |  5.0
Axes           | |  6.8
Dodging        | |  6.8

Action                   |  1- 3 |  4- 6 || total
-------------------------+-------+-------++-------
Melee: War axe           |    55 |   134 ||   189
       Bite              |     4 |    16 ||    20
       Punch             |       |     3 ||     3
 Cast: Confusing Touch   |       |     2 ||     2
  Use: Scroll            |     4 |     5 ||     9
       Potion            |       |     2 ||     2
 Stab: Confused          |       |     2 ||     2
  Eat: Chunk             |       |     2 ||     2
Armor: Leather armour    |    17 |     1 ||    18
       Ring mail         |       |    36 ||    36
Dodge: Dodged            |    73 |    95 ||   168

Table legend:
 A = Non-vault XP
 B = Vault XP
 C = Vault XP percentage of total XP
 D = Non-vault monster count
 E = Vault monster count
 F = Vault count percentage of total count
                 A         B        C        D         E       F
            +---------+---------+-------+---------+---------+-------
      Total |     532 |       2 |   0.4 |      67 |       1 |   1.5
            +---------+---------+-------+---------+---------+-------
        D:1 |      35 |       0 |   0.0 |      12 |       0 |   0.0
        D:2 |      71 |       0 |   0.0 |      18 |       0 |   0.0
        D:3 |      58 |       2 |   3.3 |      22 |       1 |   4.3
        D:4 |     195 |       0 |   0.0 |      10 |       0 |   0.0
        D:5 |     173 |       0 |   0.0 |       5 |       0 |   0.0
            +---------+---------+-------+---------+---------+-------

Levels and vault maps discovered:
D:1:      onia_arrival_mini_maze, layout_basic, minmay_misc_feat_columns
D:2:      layout_rooms, fedhas_altar_2
D:3:      layout_rooms, eat_drink_and_be_merry_uskayaw,
          kennysheep_generic_room_15
D:4:      layout_gridville, lemuel_doored_altar, minmay_temple_entry_wispy,
          first_ration, grunt_qazlal_clouds
D:5:      layout_loops_ring
Temple:   regret_index_temple_waves

Table legend:
 A = Turns spent in this place as a percentage of turns spent in the entire game.
 B = Non-inter-level travel turns spent in this place as a percentage of non-inter-level travel turns spent in the entire game.
 C = Inter-level travel turns spent in this place as a percentage of turns spent in this place.
 D = Turns resting spent in this place as a percentage of non-inter-level travel turns spent in this place.
 E = Turns spent auto-exploring this place as a percentage of non-inter-level travel turns spent in this place.
 F = Non-inter-level travel turns spent in this place divided by the number of levels of this place that you've seen.
                   A       B       C       D       E      F
               +-------+-------+-------+-------+-------+----------------------
         Total | 100.0 | 100.0 |   3.1 |   0.0 |   1.5 | 279.3
       Dungeon |  97.2 |  98.3 |   2.1 |   0.0 |   1.5 | 329.4
        Temple |   2.8 |   1.7 |  39.6 |   0.0 |   0.0 |  29.0
               +-------+-------+-------+-------+-------+----------------------

Table legend:
 A = Kills in this place as a percentage of kills in entire the game.
 B = Kills by you in this place as a percentage of kills by you in the entire game.
 C = Kills by friends in this place as a percentage of kills by friends in the entire game.
 D = Other kills in this place as a percentage of other kills in the entire game.
 E = Experience gained in this place as a percentage of experience gained in the entire game.
 F = Experience gained in this place divided by the number of levels of this place that you have seen.
                   A       B       C       D       E      F
               +-------+-------+-------+-------+-------+----------------------
         Total | 100.0 | 100.0 |   N/A |   N/A | 100.0 |  89.0
       Dungeon | 100.0 | 100.0 |   N/A |   N/A | 100.0 | 106.8
               +-------+-------+-------+-------+-------+----------------------
